 Dungeon Crawl Stone Soup version 0.31.0-11-ge490571c62 (webtiles) character file.

Game seed: 342907546518751224

354 qw the Ducker (level 6, -1/30 HPs)
             Began as a Spriggan Hunter on Feb 4, 2024.
             Slain by Pikel
             ... wielding a +2 whip of flaming
              (6 damage)
             ... on level 4 of the Dungeon.
             The game lasted 00:00:16 (2837 turns).

qw the Ducker (Spriggan Hunter)                     Turns: 2837, Time: 00:00:17

Health: -1/30      AC:  5    Str:  7    XL:     6   Next: 35%
Magic:  7/7        EV: 22    Int: 10    God:
Gold:   121        SH:  0    Dex: 21    Spells: 5/5 levels left

rFire   + . .        a - +1 shortbow
rCold   . . .        (shield currently unavailable)
rNeg    . . .        c - +0 robe
rPois   .            (helmet restricted)
rElec   .            e - +0 cloak
rCorr   .            (gloves unavailable)
SInv    +            (boots unavailable)
Will    +....        i - amulet of regeneration
Stlth   ++           j - ring of protection from fire
HPRegen 1.05/turn    (no ring)
MPRegen 0.10/turn

%: clarity
@: about to teleport, very quick
A: very small, no large weapons, unfitting armour, see invisible, speed 3,
iridescent scales 1, clarity
a: no special abilities


You were on level 4 of the Dungeon.
You visited 1 branch of the dungeon, and saw 4 of its levels.

You collected 160 gold pieces.
You spent 39 gold pieces at shops.


Innate Abilities, Weirdness & Mutations

You are very small and have problems with some larger weapons.
You are too small for most types of armour.
You have supernaturally acute eyesight. (SInv)
You cover ground extremely quickly. (Speed+++)
You are partially covered in iridescent scales. (AC +2)
You possess an exceptional clarity of mind.


   Skills:
 - Level 2.2 Fighting
 + Level 6.0 Ranged Weapons
 - Level 6.2 Dodging
 - Level 1.5 Stealth


You had 5 spell levels left.
You didn't know any spells.
Your spell library was empty.

Inventory:

Hand Weapons
 a - a +1 shortbow (weapon)
Armour
 c - a +0 robe (worn)
 e - a +0 cloak (worn)
Jewellery
 i - an amulet of regeneration (around neck)
 j - a ring of protection from fire (left hand)
Potions
 b - a potion of cancellation
 f - a potion of attraction {unknown}
 g - a potion of heal wounds {unknown}
 h - a potion of mutation
 k - a potion of degeneration {unknown}

Dungeon Overview and Level Annotations

Branches:
Dungeon (4/15)
 Temple: D:4-7

Altars:

Shops:
D:3 ?   D:4 *

Annotations:
D:3 exclusion: orc priest
D:4 Pikel


Message History

You shoot an arrow. The arrow misses Pikel.
You shoot an arrow. The arrow barely misses Pikel.
You shoot an arrow. The arrow hits Pikel.
Pikel is lightly wounded.
Pikel completely misses you.
You shoot an arrow.
The arrow hits Pikel but does no damage.
Pikel is lightly wounded.
Pikel misses you.
You shoot an arrow.
The arrow hits Pikel but does no damage.
Pikel is lightly wounded.
Pikel hits you with a +2 whip of flaming!
Pikel burns you.
You shoot an arrow.
The arrow hits Pikel but does no damage.
Pikel is lightly wounded.
Pikel misses you. The lemure hits you.
You shoot an arrow.
The arrow hits Pikel but does no damage.
Pikel is lightly wounded.
Pikel closely misses you.
You shoot an arrow. The arrow hits Pikel.
Pikel is moderately wounded.
Pikel misses you. The lemure closely misses you.
The lemure completely misses you.
You shoot an arrow. The arrow closely misses Pikel.
Pikel hits you with a +2 whip of flaming!
The lemure closely misses you. x2; Pikel hits you but does no damage.
The lemure hits you. The lemure hits you!
2836 ||| READING scroll of teleportation.
As you read the scroll of teleportation, it crumbles to dust.
You feel strangely unstable. Pikel completely misses you. The lemure hits you.
The lemure hits you but does no damage.
You shoot an arrow. The arrow hits Pikel!
Pikel is moderately wounded.
Pikel hits you with a +2 whip of flaming.
You die...
Pikel says, "Another soul for the market."

#.......#....
+.......#.... ###
#..##...#.... ..#######..
##'####.#
...!..#...##.)###### ..
.....#..........# #..
....#..........# #...
#####K5.#..........#
....##..##@5.#..........##
.............#...##.....[#
.............#...##...####
.....(.......#.........#
....##..######.........#
#...##..##..##.........#
#......................#
.................##...##
.................##...##


You could see Pikel and 2 lemures.

Vanquished Creatures
  2 lemures (D:4)
  A hound (D:4)
  3 orc priests
  A bombardier beetle (D:3)
  A jelly (D:4)
  An iguana (D:4)
  2 orc wizards (D:4)
  3 ribbon worms
  3 dart slugs
  12 orcs
  7 ball pythons
  5 endoplasms
  4 giant cockroaches
  5 goblins
  12 hobgoblins
  4 quokkas
  2 bats (D:1)
  5 frilled lizards
  5 kobolds
  2 rats
80 creatures vanquished.

Notes
Turn   | Place    | Note
-------+----------+-------------------------------------------
     0 | D:1      | qw the Spriggan Hunter began the quest for the Orb.
     0 | D:1      | Reached XP level 1. HP: 10/10 MP: 2/2
     0 | D:1      | 0 ||| qw: Version: 0.3-a-160-g6735b56
     0 | D:1      | 0 ||| qw: Game counter: 5006
     0 | D:1      | 0 ||| qw: Melee chars always use a shield: true
     0 | D:1      | 0 ||| qw: God list: Okawaru
     0 | D:1      | 0 ||| qw: Allow faded altars: false
     0 | D:1      | 0 ||| qw: Do Orc after clearing Dungeon:15 true
     0 | D:1      | 0 ||| qw: Do second Lair branch before Depths: true
     0 | D:1      | 0 ||| qw: Lair rune preference: random
     0 | D:1      | 0 ||| qw: Goals: Normal
     0 | D:1      | 0 ||| PLANNING D:1-11
    39 | D:1      | Reached skill level 3 in Dodging
    53 | D:1      | Reached XP level 2. HP: 14/14 MP: 3/3
   147 | D:1      | Found a faded altar of an unknown god.
   507 | D:1      | 507 ||| UPGRADING to +0 cloak.
   512 | D:1      | 512 ||| UPGRADING to amulet of regeneration.
   517 | D:1      | 517 ||| READING scroll labelled IDDUGEUHOCK.
   517 | D:1      | 517 ||| ENCHANTING +0 shortbow.
   518 | D:1      | 518 ||| READING scroll labelled UTIHEH WAGUIXT.
   519 | D:1      | 519 ||| DROPPING scroll of butterflies.
   653 | D:2      | Reached XP level 3. HP: 18/18 MP: 4/4
  1287 | D:2      | Found the +9 scales of the Dragon King {rPois rF+ rC+
                  | Will+}
  1360 | D:2      | 1360 ||| READING 2 scrolls labelled ROSIENUMUR.
  1360 | D:2      | 1360 ||| IDENTIFYING gluggy clear potion
  1361 | D:2      | 1361 ||| READING scroll of identify.
  1361 | D:2      | 1361 ||| IDENTIFYING sedimented grey potion
  1362 | D:2      | 1362 ||| READING scroll labelled LIBI TEAZOXT.
  1363 | D:2      | 1363 ||| DRINKING 2 sedimented red potions.
  1364 | D:2      | 1364 ||| DRINKING 2 lumpy golden potions.
  1364 | D:2      | Gained mutation: You possess an exceptional clarity of
                  | mind. [potion of mutation]
  1364 | D:2      | Gained mutation: You are partially covered in iridescent
                  | scales. (AC +2) [potion of mutation]
  1365 | D:2      | 1365 ||| DROPPING potion of invisibility.
  1366 | D:2      | 1366 ||| DROPPING potion of berserk rage.
  1399 | D:3      | Found Hatev's Magic Scroll Emporium.
  1404 | D:3      | 1404 ||| SHOPLISTING scroll of enchant weapon (97 gold,
                  | have 94).
  1404 | D:3      | 1404 ||| BUYING scroll of teleportation (39 gold).
  1404 | D:3      | Bought a scroll of teleportation for 39 gold pieces
  1711 | D:3      | Reached XP level 4. HP: 22/22 MP: 5/5
  2199 | D:4      | Reached XP level 5. HP: 22/26 MP: 6/6
  2222 | D:4      | Found Fuduiruh's Overcharged Wands.
  2285 | D:4      | Reached skill level 6 in Ranged Weapons
  2370 | D:4      | 2370 ||| SHOPLISTING wand of digging (11) (693 gold, have
                  | 106).
  2370 | D:4      | 2370 ||| SHOPLISTING wand of flame (40) (420 gold, have
                  | 106).
  2370 | D:4      | 2370 ||| SHOPLISTING wand of light (18) (1134 gold, have
                  | 106).
  2370 | D:4      | 2370 ||| SHOPLISTING wand of mindburst (30) (630 gold, have
                  | 106).
  2428 | D:4      | 2428 ||| UPGRADING to ring of protection from fire.
  2441 | D:4      | Reached XP level 6. HP: 25/30 MP: 7/7
  2654 | D:4      | Reached skill level 6 in Dodging
  2826 | D:4      | Noticed Pikel
  2835 | D:4      | HP: 7/30 [lemure[Pikel] (7)]
  2836 | D:4      | 2836 ||| READING scroll of teleportation.
  2837 | D:4      | Slain by Pikel

Levels and vault maps discovered:
D:1:      roderic_crossed_star, layout_basic,
          shapermc_ecumenical_altar_starsandcircs
D:2:      layout_basic, minmay_fractal_squares_gapless_5
D:3:      layout_basic, serial_shops, nicolae_shop_getting_attention,
          chequers_big_river
D:4:      layout_gridville, nicolae_shop_overcharged_wands, uniq_pikel

Skill      XL: |  1  2  3  4  5  6 |
---------------+-------------------+-----
Dodging        | 3 4 5 6 |  6.2
Ranged Weapons | 5 6 |  6.0
Fighting       | 2 |  2.2
Stealth        | |  1.5

Action                     |  1- 3 |  4- 6 || total
---------------------------+-------+-------++-------
   Fire: Shortbow          |   118 |   171 ||   289
    Use: Scroll            |     5 |     1 ||     6
         Potion            |     2 |       ||     2
 Armour: Robe              |     5 |    38 ||    43
  Dodge: Dodged            |    18 |   106 ||   124

Table legend:
 A = Non-vault XP
 B = Vault XP
 C = Vault XP percentage of total XP
 D = Non-vault monster count
 E = Vault monster count
 F = Vault count percentage of total count
                 A         B        C        D         E       F
            +---------+---------+-------+---------+---------+-------
      Total |     500 |       7 |   1.4 |      74 |       4 |   5.1
            +---------+---------+-------+---------+---------+-------
        D:1 |      26 |       0 |   0.0 |      14 |       0 |   0.0
        D:2 |      36 |       7 |  16.3 |      18 |       4 |  18.2
        D:3 |     166 |       0 |   0.0 |      19 |       0 |   0.0
        D:4 |     272 |       0 |   0.0 |      23 |       0 |   0.0
            +---------+---------+-------+---------+---------+-------
